 Dungeon Crawl Stone Soup version 0.24.1-14-gf8d2b509d9 (webtiles) character file.

Game seed: 13606693182041937264, levelgen mode: deterministic

5502 KlarStein the Basher (level 10, -2/64 HPs)
             Began as a Gargoyle Fighter on Sept 26, 2020.
             Was a High Priest of Okawaru.
             Slain by an ogre
             ... wielding a +0 giant club
              (16 damage)
             ... on level 9 of the Dungeon.
             The game lasted 00:35:46 (9286 turns).

KlarStein the Basher (Gargoyle Fighter)             Turns: 9286, Time: 00:35:46

Health: -2/64      AC: 18    Str: 23    XL:     10   Next: 70%
Magic:  11/11      EV:  8    Int:  9    God:    Okawaru [*****.]
Gold:   503        SH: 11    Dex:  9    Spells: 9/9 levels left

rFire    . . .     SeeInvis .   C - +0 mace
rCold    . . .     Gourm    .   c - +0 shield
rNeg     + . .     Faith    .   b - +0 scale mail
rPois    ∞         Spirit   .   x - +0 helmet
rElec    +         Reflect  .   i - +0 cloak
rCorr    +         Harm     .   (no gloves)
MR       +....                  (no boots)
Stlth    ..........             (no amulet)
HPRegen  0.20/turn              j - ring of resist corrosion
MPRegen  0.12/turn              y - ring of protection from magic

@: no status effects
A: negative energy resistance 1, electricity resistance, unbreathing,
petrification resistance, rot immunity, AC +7
a: Heroism, Finesse, Renounce Religion


You were on level 9 of the Dungeon.
You worshipped Okawaru.
Okawaru was extremely pleased with you.
You were near starving.

You visited 2 branches of the dungeon, and saw 10 of its levels.

You collected 503 gold pieces.

Inventory:

Hand Weapons
 a - a +0 flail
 C - a +0 mace (weapon)
Armour
 b - a +0 scale mail (worn)
 c - a +0 shield (worn)
 i - a +0 cloak (worn)
 x - a +0 helmet (worn)
 B - a +0 large shield
Jewellery
 j - a ring of resist corrosion (left hand)
 y - a ring of protection from magic (right hand)
Wands
 r - a wand of flame (10)
 v - a wand of polymorph (2)
 D - a wand of acid (6)
 E - a wand of random effects (13)
 I - a wand of scattershot (6)
Scrolls
 k - 6 scrolls of teleportation
 m - 2 scrolls of magic mapping
 n - a scroll of enchant armour {unknown}
 p - a scroll of noise
 q - 3 scrolls of identify
 u - 2 scrolls of random uselessness
 z - 3 scrolls of remove curse
 F - a scroll of fear
 G - a scroll of amnesia {unknown}
 J - a scroll of torment {unknown}
Potions
 d - 2 potions of might
 e - a potion of invisibility
 g - 3 potions of curing
 h - 2 potions of flight
 l - a potion of ambrosia
 o - 3 potions of brilliance
 s - 4 potions of cancellation
 t - 3 potions of lignification
 w - a potion of experience {unknown}
 A - a potion of magic
 H - a potion of mutation {unknown}
Comestibles
 f - 13 rations


   Skills:
 + Level 8.3 Fighting
 * Level 10.0 Maces & Flails
 + Level 8.3 Armour
 + Level 8.3 Shields
 + Level 2.2 Invocations


You had 9 spell levels left.
You didn't know any spells.
Your spell library contained the following spells:

 Spells                   Type           Power        Failure   Level  Hunger
 Corona                   Hex            #......      91%         1    ##.....
 Ensorcelled Hibernation  Hex/Ice        #.....       97%         2    ###....
 Confuse                  Hex            #.......     100%        3    ####...
 Dazzling Spray           Conj/Hex       #.....       100%        3    ####...
 Tukima's Dance           Hex            #.......     100%        3    ####...


Dungeon Overview and Level Annotations

Branches:
Dungeon (9/15)             Temple (1/1) D:7
   Lair: D:8-11         Orc: D:9-12

Altars:
Ashenzari
Cheibriados
Dithmenos
Elyvilon
Fedhas
Gozag
Hepliaklqana
Kikubaaqudgha
Makhleb
Nemelex Xobeh
Okawaru
Qazlal
Ru
Sif Muna
Trog
Uskayaw
Vehumet
Wu Jian
Xom
Yredelemnul
Zin
The Shining One

Shops:
D:6 %


Innate Abilities, Weirdness & Mutations

You are resistant to torment.
Your stone body is resilient. (AC +7)
You are immune to poison.
You resist negative energy. (rN+)
You are resistant to electric shocks. (rElec)
You can survive without breathing.
You are immune to petrification.
You are immune to rotting.


Message History

You barely miss the ogre.
You are near starving!
You closely miss the ogre.
The ogre hits you with a +0 giant club!!
You hit the ogre.
The ogre is lightly wounded.
You block the ogre's attack.
You completely miss the ogre.
The ogre is lightly wounded.
You block the ogre's attack.
You sock the ogre!
The ogre is moderately wounded.
You barely miss the ogre.
The ogre is moderately wounded.
The ogre hits you with a +0 giant club!!
* * * LOW HITPOINT WARNING * * *
You thump the ogre!
The ogre is severely wounded.
The ogre hits you with a +0 giant club!
You die...

#.# #.# #.# #.# #.#
####### #.#
#######.....#### #.#
................
#.############.....####
#............'.@.......
##############.O...####
#.....# ##....# #.....#
#.....# ........
#.....#### #......


You could see an ogre.

Vanquished Creatures
  A hydra (D:8)
  Erica (D:8)
  3 hippogriffs (D:7)
  A human (D:7)
  4 hogs (D:7)
  A hungry ghost (D:8)
  An orc warrior (D:7)
  An ice beast (D:8)
  2 sky beasts
  A black bear (D:8)
  2 phantoms
  2 ogres
  2 centaurs
  A big kobold (D:8)
  4 bullfrogs
  3 scorpions
  4 killer bees (D:9)
  3 crimson imps (D:7)
  A bullfrog zombie (D:6)
  An orc priest (D:7)
  A hound (D:6)
  2 jellies (D:8)
  A bullfrog skeleton (D:8)
  A centaur skeleton (D:4)
  4 iguanas
  7 orc wizards
  Natasha (thrice) (D:4)
  9 worker ants
  A killer bee zombie (D:8)
  A hound zombie (D:8)
  A howler monkey zombie (D:7)
  A howler monkey skeleton (D:7)
  A gnoll (D:1)
  8 adders
  3 shadow imps
  2 oozes
  2 adder skeletons
  2 worms (D:2)
  2 dart slugs
  9 leopard geckos
  26 orcs
  9 bats
  6 giant cockroaches
  8 goblins
  11 hobgoblins
  9 jackals
  A quokka (D:6)
  2 ball pythons (D:2)
  9 frilled lizards
  10 kobolds
  A leopard gecko skeleton (D:4)
  A quokka skeleton (D:8)
  A quokka zombie (D:9)
  5 rats
199 creatures vanquished.

Notes
Turn   | Place    | Note
-------+----------+-------------------------------------------
     0 | D:1      | KlarStein the Gargoyle Fighter began the quest for the Orb.
     0 | D:1      | Reached XP level 1. HP: 14/14 MP: 1/1
    30 | D:1      | Reached XP level 2. HP: 18/19 MP: 2/2
   100 | D:1      | Reached XP level 3. HP: 16/23 MP: 3/3
   620 | D:2      | Reached skill level 3 in Maces & Flails
  1036 | D:2      | Reached XP level 4. HP: 23/29 MP: 4/4
  1222 | D:2      | Found a white marble altar of Elyvilon.
  1256 | D:2      | Found a blossoming altar of Fedhas.
  1256 | D:2      | Found an iron altar of Okawaru.
  1256 | D:2      | Found an ancient bone altar of Kikubaaqudgha.
  1256 | D:2      | Found an opulent altar of Gozag.
  1257 | D:2      | Found a hazy altar of Hepliaklqana.
  1258 | D:2      | Found a glowing golden altar of the Shining One.
  1263 | D:2      | Found a snail-covered altar of Cheibriados.
  1267 | D:2      | Became a worshipper of Warmaster Okawaru
  1752 | D:3      | Reached XP level 5. HP: 32/33 MP: 5/5
  2255 | D:4      | Reached skill level 4 in Maces & Flails
  2256 | D:4      | Noticed Natasha
  2276 | D:4      | Killed Natasha
  2276 | D:4      | Reached XP level 6. HP: 11/38 MP: 6/6
  2596 | D:4      | Noticed Natasha
  2610 | D:4      | Killed Natasha
  2763 | D:4      | Reached * piety under Okawaru
  3078 | D:4      | Noticed a phantom
  3098 | D:4      | Killed a phantom
  3098 | D:4      | Reached skill level 5 in Maces & Flails
  3098 | D:4      | Reached XP level 7. HP: 40/44 MP: 7/7
  3151 | D:4      | Reached ** piety under Okawaru
  3151 | D:4      | Reached skill level 5 in Shields
  3362 | D:4      | Noticed Natasha
  4185 | D:4      | Killed Natasha
  4185 | D:4      | Reached skill level 5 in Fighting
  4185 | D:4      | Reached skill level 5 in Armour
  4204 | D:5      | Entered Level 5 of the Dungeon
  4671 | D:5      | Reached skill level 1 in Invocations
  4999 | D:5      | Reached XP level 8. HP: 46/49 MP: 7/9
  5126 | D:6      | Reached skill level 6 in Maces & Flails
  5428 | D:6      | Found Peppe's Food Shop.
  5689 | D:7      | Reached *** piety under Okawaru
  5737 | D:7      | Noticed a hippogriff
  5971 | D:7      | Noticed a hippogriff
  6007 | D:7      | Killed a hippogriff
  6007 | D:7      | Reached skill level 7 in Maces & Flails
  6007 | D:7      | Reached XP level 9. HP: 36/55 MP: 8/10
  6739 | D:7      | Reached **** piety under Okawaru
  6739 | D:7      | Reached skill level 8 in Maces & Flails
  7000 | D:7      | Found an ornate altar of the Wu Jian Council.
  7008 | D:7      | Found a staircase to the Ecumenical Temple.
  7028 | Temple   | Entered the Ecumenical Temple
  7668 | D:8      | Reached XP level 10. HP: 63/63 MP: 11/11
  7691 | D:8      | Noticed a seven-headed hydra
  7696 | D:8      | Reached skill level 9 in Maces & Flails
  7747 | D:8      | Noticed Erica
  7768 | D:8      | Killed Erica
  7964 | D:8      | Reached ***** piety under Okawaru
  8378 | D:8      | Killed a seven-headed hydra
  9057 | D:9      | Reached skill level 10 in Maces & Flails
  9286 | D:9      | Slain by an ogre

Levels and vault maps discovered:
D:1:      sevenhm_arrival_forest_fort_small_4, layout_rooms,
          minmay_curled_crystal
D:2:      layout_basic, minitemple
D:3:      layout_basic, first_ration, chequers_serial_rivers_large_b,
          minmay_lizard_king
D:4:      layout_layer_cave, skrybe_limestone_x, uniq_natasha
D:5:      layout_loops_corners
D:6:      layout_basic, serial_shops, shop, hangedman_decor_push
D:7:      layout_gridville, overflow_temple_1_default,
          minmay_temple_entry_slanted, grunt_livestock
D:8:      layout_cave_pods, st_stairs_1, kennysheep_boxes, uniq_erica
D:9:      layout_basic
Temple:   oiseaux_autumnal_temple

Skill      XL: |  1  2  3  4  5  6  7  8  9 10 |
---------------+-------------------------------+-----
Maces & Flails | 3 4 5 7 8 10 | 10.0
Shields        | 4 5 6 7 8 |  8.3
Armour         | 4 5 6 7 8 |  8.3
Fighting       | 4 5 6 7 8 |  8.3
Invocations    | 1 2 |  2.2

Action                   |  1- 3 |  4- 6 |  7- 9 | 10-12 || total
-------------------------+-------+-------+-------+-------++-------
Melee: Flail             |   107 |   266 |    73 |       ||   446
       Mace              |       |       |   483 |   245 ||   728
       Unarmed           |       |       |    13 |       ||    13
Invok: Heroism           |       |       |     1 |     2 ||     3
Evoke: Wand              |       |       |     5 |       ||     5
  Use: Scroll            |       |     7 |    10 |       ||    17
       Potion            |       |       |       |     3 ||     3
  Eat: Chunk             |       |     8 |    15 |     5 ||    28
       Ration            |       |       |     1 |       ||     1
Armor: Scale mail        |    43 |   179 |   304 |   148 ||   674
       Skin              |       |       |     2 |       ||     2
Dodge: Dodged            |    24 |    81 |   190 |    97 ||   392
Block: Shield            |    46 |   167 |   322 |   192 ||   727
